 Dungeon Crawl Stone Soup version 0.30-a0-870-gc5d4c5acee (webtiles) character file.

Game seed: 10546592464501980095

47 Calibrex the Sneak (level 3, -12/18 HPs)
             Began as a Vine Stalker Brigand on Mar 11, 2023.
             Killed by an exploding giant cockroach (19 damage)
             ... ignited by their inner flame
             ... on level 2 of the Dungeon.
             The game lasted 00:08:57 (1062 turns).

Calibrex the Sneak (Vine Stalker Brigand)           Turns: 1062, Time: 00:09:05

Health: -12/18     AC:  3    Str: 13    XL:     3   Next: 70%
Magic:  0/4        EV: 11    Int: 11    God:
Gold:   102        SH:  0    Dex: 17    Spells: 2/2 levels left

rFire   . . .      SeeInvis .    a - +2 dagger
rCold   . . .      Faith    .    (no shield)
rNeg    . . .      Spirit   +    b - +0 robe
rPois   +          Reflect  .    (no helmet)
rElec   .          Rampage  .    c - +0 cloak
rCorr   .                        (no gloves)
Will    .....                    (no boots)
Stlth   +++                      n - amulet of the acrobat
HPRegen 0.23/turn                g - ring of poison resistance
MPRegen 0.09/turn                (no ring)

@: no status effects
A: fangs 2, magic shield, antimagic bite, no potion heal 2
a: no special abilities


You were on level 2 of the Dungeon.
You visited 1 branch of the dungeon, and saw 3 of its levels.

You collected 102 gold pieces.

Inventory:

Hand Weapons
 a - a +2 dagger (weapon)
Missiles
 d - 9 poisoned darts (quivered)
 e - 3 curare-tipped darts
Armour
 b - a +0 robe (worn)
 c - a +0 cloak (worn)
Magical Staves
 j - a staff of cold
Jewellery
 g - a ring of poison resistance (left hand)
 n - an amulet of the acrobat (around neck)
Scrolls
 f - a scroll of enchant armour {unknown}
 h - a scroll of teleportation {unknown}
 i - 3 scrolls of vulnerability
 l - a scroll of fear {unknown}
 m - 2 scrolls of immolation
Potions
 k - 2 potions of curing


   Skills:
 + Level 2.0 Fighting
 + Level 2.7 Short Blades
 - Level 1.7 Throwing
 - Level 0.7 Dodging
 + Level 5.7 Stealth


You had 2 spell levels left.
You didn't know any spells.
Your spell library contained the following spells:

 Spells                   Type           Power      Damage    Failure   Level
 Blink                    Tloc           0%         N/A       47%         2
 Lesser Beckoning         Tloc           0%         N/A       47%         2
 Momentum Strike          Conj/Tloc      0%         3d8       47%         2


Dungeon Overview and Level Annotations

Branches:
Dungeon (3/15)

Altars:

Shops:
D:1 =


Innate Abilities, Weirdness & Mutations

You have extremely sharp teeth.
When hurt, damage is shared between your health and your magic reserves.
Your bite disrupts and absorbs the magic of your enemies.
Potions cannot restore your health.


Message History

The giant cockroach is moderately wounded.
The giant cockroach bites you. The ball python bites you.
* * * LOW HITPOINT WARNING * * *
The ball python grabs you. The ball python constricts you.
You escape the ball python's grasp.
The ball python attacks as you move away!
The ball python barely misses you.
The giant cockroach waves its antennae.
The giant cockroach misses you.
The ball python attacks as you move away!
The ball python bites you.
* * * LOW HITPOINT WARNING * * *
The ball python misses you. The giant cockroach misses you.
The giant cockroach attacks as you move away!
The giant cockroach bites you but does no damage.
The giant cockroach misses you.
The giant cockroach attacks as you move away!
The giant cockroach barely misses you.
As you read the scroll labelled LILIHARRAT, it crumbles to dust.
The creatures around you are filled with an inner flame!
It was a scroll of immolation.
The giant cockroach closely misses you.
You hit the giant cockroach but do no damage.
Your bite misses the giant cockroach. The giant cockroach barely misses you.
You hit the giant cockroach but do no damage.
The giant cockroach misses you.
The giant cockroach bites you but does no damage.
You hit the giant cockroach but do no damage.
Your bite misses the giant cockroach. You closely miss the giant cockroach.
The giant cockroach misses you.
You hit the giant cockroach but do no damage.
Your punch misses the giant cockroach. The giant cockroach closely misses you.
The giant cockroach bites you.
You barely miss the giant cockroach. Your bite misses the giant cockroach.
You hit the giant cockroach.
Flame seeps out of the giant cockroach.
The giant cockroach is almost dead.
The giant cockroach is engulfed in blazing flames.
The giant cockroach explodes!
The fiery explosion engulfs you!!
Ouch! That really hurt!
You die...

#.#..........#...#####
#.##########.###.# #.#........#.#
#.# ##'#+###......# #.#
......##.##.#####.###############
......##.##..........#..........
.........#...####....#.#.#.#..#
##'###################.......#
#..........>...@○S....#.#†#.#
#####################....†..#
#..#†#.#.# #........#
.....##..### #.:.........
##..#.####### #..#.. ...###


You could see a ball python (inner flame).

Vanquished Creatures
  An adder (D:2)
  2 dart slugs (D:1)
  A bat (D:2)
  2 endoplasms
  A giant cockroach (D:2)
  3 hobgoblins
  3 jackals (D:1)
  A quokka (D:2)
  2 ball pythons (D:1)
  5 frilled lizards
  5 goblins (D:1)
  A kobold (D:2)
  10 rats
37 creatures vanquished.

Vanquished Creatures (others)
  2 plants (D:1)
2 creatures vanquished.

Grand Total: 39 creatures vanquished

Notes
Turn   | Place    | Note
-------+----------+-------------------------------------------
     0 | D:1      | Calibrex the Vine Stalker Brigand began the quest for the
                  | Orb.
     0 | D:1      | Reached XP level 1. HP: 11/11 MP: 2/2
    90 | D:1      | Reached skill level 5 in Stealth
   144 | D:1      | Reached XP level 2. HP: 11/15 MP: 1/3
   203 | D:1      | Found Nicwopom's Jewellery Boutique.
   534 | D:1      | Reached XP level 3. HP: 18/18 MP: 4/4
  1062 | D:2      | Killed by an exploding giant cockroach... ignited by their
                  | inner flame

Illustrated notes

Levels and vault maps discovered:
D:1:      spicycebolla_arrival_clurvy, layout_basic, serial_shops,
          nicolae_diamond_shop, minmay_rat_gold_closets
D:2:      layout_basic, chequers_ecumenical_altar_simple, serial_glass,
          glass_columns_a, glass_columns_a, glass_columns_c, glass_columns_b,
          glass_columns_b, glass_columns_b, palyth_stone_intersect,
          minmay_shallow_snake_nest
D:3:      layout_basic, skrybe_limestone_x, solitary_fountain,
          hangedman_decor_points, uniq_jessica, uniq_sigmund

Skill      XL: |  1  2  3 |
---------------+----------+-----
Stealth        | 5 |  5.7
Short Blades   | 2 |  2.7
Fighting       | 2 |  2.0
Throwing       | |  1.7
Dodging        | |  0.7

Action                     || total
---------------------------++-------
  Melee: Dagger            ||    83
         Bite              ||    15
         Punch             ||     1
    Use: Scroll            ||     2
         Potion            ||     1
   Stab: Sleeping          ||    17
 Armour: Robe              ||    13
  Dodge: Dodged            ||    51

Table legend: (Time is in decaauts)
 A = Elapsed time spent in this place.
 B = Non-inter-level travel time spent in this place.
 C = Inter-level travel time spent in this place.
 D = Time resting spent in this place.
 E = Time spent auto-exploring this place.
 F = Levels seen in this place.
 G = Mean time per level.
                   A        B        C        D        E       F      G
               +--------+--------+--------+--------+--------+-----+--------+
         Total |   1050 |    976 |     74 |     81 |    501 |   3 |  350.0 |
       Dungeon |   1050 |    976 |     74 |     81 |    501 |   3 |  350.0 |
               +--------+--------+--------+--------+--------+-----+--------+

Top non-repeatable levels by time:
     D:1: 743 daAuts
     D:2: 197 daAuts
     D:3: 109 daAuts
